 Dungeon Crawl Stone Soup version 0.31.0-11-ge490571c62 (webtiles) character file.

Game seed: 16772420409017924064

735681 LustLizard the Conqueror (level 27, -31/273 HPs)
             Began as a Minotaur Berserker on Jan 27, 2024.
             Was the Champion of Trog.
             Annihilated by Geroryp the pandemonium lord (34 damage)
             ... on level 5 of the Realm of Zot on Jan 30, 2024.
             The game lasted 02:53:23 (61774 turns).

LustLizard the Conqueror (Minotaur Berserker)      Turns: 61774, Time: 02:53:24

Health: -31/273    AC: 41    Str: 27      XL:     27
Magic:  0/22       EV: 33    Int:  6      God:    Trog [******]
Gold:   8103       SH: 24    Dex: 23 (25) Spells: 26/26 levels left

rFire   + + +        Q - +8 broad axe of Chance {flame, rF+}
rCold   + + +        R - +5 kite shield {rC+}
rNeg    + + +        S - +9 gold dragon scales
rPois   +            p - -2 hat of the Alchemist {rElec rPois rF+ rC+ rN+ Will+ rMut rCorr}
rElec   +            T - +1 cloak of Starlight {*Dazzle EV+4 Stlth--}
rCorr   +            F - +1 pair of gloves {Stlth+}
SInv    .            l - +1 pair of boots
Will    +++..        J - amulet of Pikkiex {Spirit rElec rCorr Dex+6} Stlth
                     q - ring "Qiesejol" {rF+ rC++ rCorr EV+5 Int-2}
HPRegen 0.65/turn    r - ring of Zuskus {rC- rN++ EV+5 Int+2 Dex+4}
MPRegen 0.18/turn

%: resist mutation, guardian spirit
@: marked, silenced
A: horns 2, retaliatory headbutt, dopey 1, sense surroundings 1, subdued magic
1, deterioration 1[+1], [no potion heal 1], [inability to read after injury 1]
0: Orb of Zot
}: 5/15 runes: barnacled, slimy, silver, abyssal, gossamer
a: Renounce Religion


You were on level 5 of the Realm of Zot.
You worshipped Trog.
Trog was exalted by your worship.
You visited 12 branches of the dungeon, and saw 56 of its levels.
You visited the Abyss 1 time.
You also visited: Trove, Sewer, Gauntlet, Ice Cave and Volcano.

You collected 10533 gold pieces.
You spent 2430 gold pieces at shops.

Inventory:

Hand Weapons
 y - the +8 Wrath of Trog {antimagic, *Rage Rampage}
   (You took it off a vault sentinel on level 5 of the Vaults)

   It causes slowness and exhaustion when equipped.
   It extends the wielder's berserk rage when killing foes.
   *Rage:     It berserks you when you make melee attacks (+50% chance).
   Rampage:   It bestows one free step when moving towards enemies.
 Q - the +8 broad axe of Chance (weapon) {flame, rF+}
   (Trog gifted it to you on level 2 of the Spider Nest)

   rF+:       It protects you from fire.
Missiles
 v - 6 throwing nets
 G - 11 javelins
 U - 47 boomerangs (quivered)
Armour
 l - a +1 pair of boots (worn)
 p - the -2 hat of the Alchemist (worn) {rElec rPois rF+ rC+ rN+ Will+ rMut rCorr}
   (You found it on level 5 of the Vaults)

   rF+:       It protects you from fire.
   rC+:       It protects you from cold.
   rElec:     It insulates you from electricity.
   rPois:     It protects you from poison rN+: It protects you from negative
   energy.
   Will+:     It increases your willpower.
   rCorr:     It protects you from acid and corrosion.
   rMut:      It protects you from mutation.
 s - the +0 hat "Ided" {Will+ Regen+ Slay+4}
   (You acquired it on level 1 of the Lair of Beasts)

   Slay+4:    It affects your accuracy & damage with ranged weapons and melee
   (+4).
   Will+:     It increases your willpower.
   Regen+:    It increases your rate of health regeneration.
 F - a +1 pair of gloves of stealth (worn)
 R - a +5 kite shield of cold resistance (worn)
 S - +9 gold dragon scales (worn)
 T - the +1 cloak of Starlight (worn) {*Dazzle EV+4 Stlth--}
   (You found it on level 13 of the Dungeon)

   *Dazzle:   It may blind those who miss an attack against the wearer in melee
   combat.
   EV+4:      It affects your evasion (+4).
   Stlth--:   It makes you much less stealthy.
 Y - the +5 plate armour "Xobromm" {Will++ Regen+}
   (You found it in a Gauntlet)

   Will++:    It greatly increases your willpower.
   Regen+:    It increases your rate of health regeneration.
Jewellery
 a - the ring of Xom's Regard {*Slow Fly Str+2 Dex+4 Stlth+}
   (You found it in a treasure trove)

   [ring of flight]

   Str+2:     It affects your strength (+2).
   Dex+4:     It affects your dexterity (+4).
   Fly:       It grants you flight.
   *Slow:     It may slow you when you take damage.
   Stlth+:    It makes you more stealthy.
 f - the ring of Ru's Hatred {Will+ MP+9 AC+4}
   (You found it in a treasure trove)

   [ring of protection]

   AC+4:      It affects your AC (+4).
   Will+:     It increases your willpower.
   MP+9:      It affects your magic capacity (+9).
 o - the ring of Weotagoe {rElec Will+ EV+5}
   (You found it in a treasure trove)

   [ring of evasion]

   EV+5:      It affects your evasion (+5).
   rElec:     It insulates you from electricity.
   Will+:     It increases your willpower.
 q - the ring "Qiesejol" (left hand) {rF+ rC++ rCorr EV+5 Int-2}
   (You found it in a treasure trove)

   [ring of evasion]

   EV+5:      It affects your evasion (+5).
   Int-2:     It affects your intelligence (-2).
   rF+:       It protects you from fire.
   rC++:      It greatly protects you from cold.
   rCorr:     It protects you from acid and corrosion.
 r - the ring of Zuskus (right hand) {rC- rN++ EV+5 Int+2 Dex+4}
   (You found it in a treasure trove)

   [ring of evasion]

   EV+5:      It affects your evasion (+5).
   Int+2:     It affects your intelligence (+2).
   Dex+4:     It affects your dexterity (+4).
   rC-:       It makes you vulnerable to cold.
   rN++:      It greatly protects you from negative energy.
 t - the ring "Gofoh" {rF+ Will+ rCorr Dex+2 Stlth+}
   (You found it on level 3 of the Dungeon)

   [ring of resist corrosion]

   Dex+2:     It affects your dexterity (+2).
   rF+:       It protects you from fire.
   Will+:     It increases your willpower.
   rCorr:     It protects you from acid and corrosion.
   Stlth+:    It makes you more stealthy.
 x - the ring "Lugug" {rElec rCorr Str+3 Int+3 Slay+4}
   (You found it in a treasure trove)

   [ring of slaying]

   Str+3:     It affects your strength (+3).
   Int+3:     It affects your intelligence (+3).
   Slay+4:    It affects your accuracy & damage with ranged weapons and melee
   (+4).
   rElec:     It insulates you from electricity.
   rCorr:     It protects you from acid and corrosion.
 C - the ring "Kuheca" {rPois rF- rN+ Will- Dex+8}
   (You found it on level 3 of the Elven Halls)

   [ring of positive energy]

   Dex+8:     It affects your dexterity (+8).
   rF-:       It makes you vulnerable to fire.
   rPois:     It protects you from poison rN+: It protects you from negative
   energy.
   Will-:     It decreases your willpower.
 J - the amulet of Pikkiex (around neck) {Spirit rElec rCorr Dex+6}
   (You bought it in a shop on level 2 of the Orcish Mines)

   [amulet of guardian spirit]

   Spirit:    It causes incoming damage to be divided between your reserves of
   health and magic.
   Dex+6:     It affects your dexterity (+6).
   rElec:     It insulates you from electricity.
   rCorr:     It protects you from acid and corrosion.
 W - the ring "Ukhyerugaz" {rElec Str-2 Dex+3 Slay+4 SInv}
   (You found it on level 3 of the Elven Halls)

   [ring of slaying]

   Str-2:     It affects your strength (-2).
   Dex+3:     It affects your dexterity (+3).
   Slay+4:    It affects your accuracy & damage with ranged weapons and melee
   (+4).
   rElec:     It insulates you from electricity.
   SInv:      It lets you see invisible.
Wands
 i - a wand of flame (67)
 k - a wand of digging (3)
 L - a wand of quicksilver (15)
 P - a wand of iceblast (27)
Scrolls
 d - 13 scrolls of fear
 g - 13 scrolls of fog
 h - 23 scrolls of teleportation
 m - 2 scrolls of torment
 n - 16 scrolls of revelation
 u - a scroll of silence
 A - 5 scrolls of brand weapon
 B - 4 scrolls of blinking
 H - 7 scrolls of poison
 M - 4 scrolls of immolation
 V - 4 scrolls of summoning
Potions
 b - 4 potions of berserk rage
 e - 17 potions of curing
 j - 6 potions of invisibility
 w - 14 potions of lignification
 z - 4 potions of resistance
 D - 8 potions of haste
 E - 12 potions of might
 I - 10 potions of heal wounds
 K - 16 potions of mutation
 N - 2 potions of cancellation
Miscellaneous
 c - a lightning rod (4/4)
 O - a phial of floods
 X - a phantom mirror
 Z - a sack of spiders


   Skills:
 O Level 27 Fighting
 + Level 23.3 Axes
 + Level 22.1 Throwing
 + Level 24.8 Armour
 + Level 20.6 Dodging
 + Level 24.5 Shields
 * Level 20.5 Evocations


You had 26 spell levels left.
You didn't know any spells.
Your spell library was empty.

Dungeon Overview and Level Annotations

Branches:
Dungeon (15/15)            Temple (1/1) D:5            Lair (5/5) D:8
 Shoals (4/4) Lair:3       Spider (4/4) Lair:2        Slime (5/5) Lair:4
    Orc (2/2) D:12            Elf (3/3) Orc:2        Vaults (5/5) D:13
  Crypt (3/3) Vaults:3       Tomb (0/3) Crypt:3      Depths (4/4) D:15
    Zot (5/5) Depths:4      Sewer (visited)           IceCv (visited)
Volcano (visited)         Gauntlet (visited)

Altars:
Ashenzari
Cheibriados
Dithmenos
Elyvilon
Fedhas
Gozag
Hepliaklqana
Kikubaaqudgha
Makhleb
Nemelex Xobeh
Okawaru
Qazlal
Ru
Sif Muna
Trog
Uskayaw
Vehumet
Wu Jian
Xom
Yredelemnul
Zin
The Shining One
Jiyva
Lugonu

Shops:
D:2 :   D:6 =:!   D:9 [!!*   Orc:2 *=?*(   Elf:1 =   Vaults:1 ?

Portals:
Hell: Depths:1 Depths:2 Depths:3 Depths:4
Abyss: D:7 Depths:3
Pandemonium: Depths:2 Depths:3 Depths:4
Ziggurat: Depths:1

Annotations:
Lair:1 2 transporters
Elf:2 1 runed translucent door
Vaults:2 8 runed translucent doors, casual's ghost, veteran MiMo


Innate Abilities, Weirdness & Mutations

You have a pair of horns on your head.
You reflexively headbutt those who attack you in melee.
You are dopey. (Int -2)
You passively map a small area around you.
Your spells are a little easier to cast, but a little less powerful.
[Your body often deteriorates upon taking damage.]
[Potions are less effective at restoring your health.]
[You occasionally lose the ability to read scrolls when taking damage.]


Message History

Geroryp bursts into living lightning!
The living lightning misses you.
Geroryp blinks!
You block Weblawo's attack. You block the red devil's attack.
You block Weblawo's attack.
The Tzitzimitl calls on the powers of darkness!
Your body is wracked with pain!
* * * LOW HITPOINT WARNING * * *
Weblawo completely misses you. You furiously retaliate!
You headbutt Weblawo!
Unknown command.
You slice Weblawo!! You burn Weblawo!
Weblawo is moderately wounded.
You hit Geroryp but do no damage. Weblawo hits you!!
* * * LOW HITPOINT WARNING * * *
You block Geroryp's attack.
Unknown command.
You hit Weblawo. You burn Weblawo. Your headbutt misses Weblawo.
Weblawo is moderately wounded.
You slash Geroryp! Geroryp hits you!!
* * * LOW HITPOINT WARNING * * *
Space warps around you.
* * * LOW HITPOINT WARNING * * *
The red devil barely misses you.
The Tzitzimitl calls on the powers of darkness!
You feel a surge of unholy energy. Weblawo closely misses you.
Weblawo is temporarily struck blind!
Unknown command.
Okay, then.
Unknown command.
You slash Weblawo! You burn Weblawo.
Weblawo is moderately wounded.
You hit Geroryp but do no damage. You block Geroryp's attack.
Weblawo completely misses you. You furiously retaliate!
You headbutt Weblawo! You block the red devil's attack.
You completely miss Weblawo. Your headbutt misses Weblawo.
Weblawo is moderately wounded.
You hit Geroryp but do no damage. You block Geroryp's attack.
Weblawo gestures.
Weblawo's surroundings become eerily quiet.
Geroryp hits you!!
You die...

###.# ########.######## ########
# #...............# ##....... ##
##.............## ##........ .##
#.............# ##^........ ..#
##.......[...## #.......... ..#
#...........# #.......[.. ..#
##.).........## #...)...... ..#
#........4&@&.# #.......... ..#
##.............## #..........
..###...............###.........^
.###...###########..1###.........
##....## ##.x).##[....... .^..###
###...))....... ▓▓▓▓#
#▓▓▓▓▓▓▓▓▓▓▓# ▓▓▓▓ ▓▓▓▓.^......
...▓## ##▓......^..).


You could see Geroryp (unsilenced), Weblawo (silencing, unsilenced, blind,
unable to see you), a Tzitzimitl (unsilenced), a red devil and a small
abomination.

Vanquished Creatures
  the Royal Jelly (Slime:5)
  5 dread liches
  10 ancient liches
  Mara (Vaults:3)
  4 orbs of fire
  A juggernaut (Depths:3)
  Sojobo (Crypt:2)
  Vv (Depths:2)
  8 Killer Klowns
  Saint Roka (Depths:1)
  4 curse toes
  6 caustic shrikes
  18 golden dragons
  Nikola (Spider:1)
  2 doom hounds (Crypt:3)
  A Tzitzimitl (Crypt:3)
  A Brimstone Fiend (Depths:2)
  A bone dragon (Crypt:3)
  4 electric golems
  Zenata (Elf:1)
  A hellephant (Abyss:3)
  A walking crystal tome (Depths:3)
  Mlioglotl (Shoals:3)
  Jorgrun (Orc:2)
  21 tentacled monstrosities
  6 liches
  A walking earthen tome (Depths:3)
  Grunn (Crypt:3)
  3 titans
  A walking divine tome (Depths:3)
  A walking frostbound tome (Depths:3)
  4 deep elf master archers (Elf:3)
  23 Orb Guardians (Zot:5)
  4 quicksilver dragons
  4 sphinxes
  17 acid blobs
  3 deep elf blademasters
  A kraken (Shoals:4)
  Polyphemus (Shoals:3)
  4 tentacled starspawn (Abyss:3)
  A thorn hunter (Abyss:4)
  Agnes (Elf:1)
  14 death cobs
  4 Executioners
  Kirke (D:12)
  3 ancient champions (Crypt:1)
  A revenant (Abyss:3)
  11 tengu reavers
  18 storm dragons
  15 shadow dragons
  Donald (Spider:1)
  11 frost giants
  2 draconian monks
  Roxanne (Shoals:3)
  10 azure jellies
  4 draconian knights
  5 protean progenitors
  7 fire giants
  11 rockslimes
  6 draconian shifters
  3 emperor scorpions
  10 deep elf sorcerers
  3 daevas
  10 ghost moths
  5 deep elf elementalists
  4 iron dragons
  2 balrugs
  13 vault wardens
  8 draconian scorchers
  4 reapers
  A draconian annihilator (Zot:2)
  4 spriggan defenders
  5 draconian stormcallers
  7 ghouls
  A broodmother (Spider:3)
  10 stone giants
  26 ironbound preservers
  7 quicksilver oozes
  35 very ugly things
  4 formless jellyfish
  16 green draconians
  12 deep elf demonologists
  12 ironbound thunderhulks
  4 vampire knights
  10 deep elf death magi
  4 dire elephants
  10 purple draconians
  14 yellow draconians
  2 putrid mouths (Crypt:3)
  11 spark wasps
  9 black draconians
  8 war gargoyles
  Nessos (D:14)
  13 white draconians
  A minotaur (Gauntlet)
  8 red draconians
  3 deep elf annihilators (Elf:3)
  Snorg (Orc:2)
  The ghost of ggggg the Severer, a journeyman MiFi of Okawaru (D:13)
  5 eidola (Crypt:2)
  15 ettins
  9 entropy weavers
  4 crystal guardians
  4 fire dragons
  6 jiangshi
  A merfolk javelineer (Shoals:4)
  10 merfolk impalers
  15 deep elf high priests
  Josephine (D:14)
  7 hydras
  19 yaktaur captains
  2 ice dragons
  A shambling mangrove (Abyss:4)
  10 great orbs of eyes
  5 spriggan air magi
  An alligator snapping turtle (Shoals:1)
  A peacekeeper (Vaults:3)
  4 jorogumos (Spider:4)
  5 rakshasas
  37 vault guards
  The ghost of snydleywhiplash the Executioner, a journeyman MiFi of Okawaru (D:10)
  A jorogumo (shapeshifter) (Depths:3)
  29 two-headed ogres
  A catoblepas (Shoals:3)
  10 ogre magi
  A death knight (Crypt:2)
  11 ironbound frosthearts
  19 boulder beetles
  9 centaur warriors
  6 merfolk avatars
  6 merfolk aquamancers
  2 two-headed ogres (shapeshifter)
  4 radroaches
  A sphinx zombie (Crypt:1)
  5 satyrs
  34 dancing weapons
  5 tengu warriors
  A titan zombie (Crypt:1)
  13 thrashing horrors
  11 deep troll shamans
  10 death yaks
  3 hell hogs (Abyss:3)
  6 vampire magi
  6 orc high priests
  11 demonic crawlers
  10 deep troll earth magi
  4 spriggan berserkers
  A shock serpent (shapeshifter) (Depths:1)
  22 deep elf knights
  22 skeletal warriors
  2 shadow wraiths
  3 shock serpents (Zot:1)
  22 hell knights
  4 iron trolls
  2 soul eaters
  7 wretched stars
  A sea snake (shapeshifter) (Vaults:4)
  16 sea snakes
  7 skysharks
  A spatial maelstrom (Abyss:2)
  10 pharaoh ants
  A storm dragon skeleton (Vaults:3)
  3 sixfirhies
  4 orb spiders
  A bunyip zombie (Crypt:3)
  16 deep elf archers
  2 bunyip skeletons
  6 phantasmal warriors
  2 glowing orange brains
  7 arcanists
  5 bog bodies
  73 deep trolls
  A shadow dragon zombie (Crypt:2)
  2 flayed ghosts
  A sun moth (Spider:4)
  3 orc knights
  12 necromancers
  7 steelbarb worms
  3 lindwurms (Vaults:1)
  27 ironbound convokers
  23 harpies
  24 deep elf zephyrmancers
  9 starcursed masses
  A wolf spider (shapeshifter) (Vaults:5)
  28 deep elf pyromancers
  6 orc sorcerers
  20 wolf spiders
  12 fauns
  An alligator zombie (Crypt:2)
  6 worldbinders
  6 cyclopes
  9 shining eyes
  23 manticores
  An ice statue (IceCv)
  29 moths of wrath
  A moth of wrath (shapeshifter) (Vaults:5)
  A centaur zombie (Crypt:3)
  32 ugly things
  4 meliai (Spider:4)
  3 black mambas
  A kobold blastminer (Orc:2)
  A frost giant skeleton (Vaults:3)
  A rust devil (Depths:4)
  3 elephants (Lair:5)
  A toenail golem (D:7)
  21 vault sentinels
  An eye of devastation (Slime:5)
  9 water nymphs
  4 gargoyles
  3 apocalypse crabs (Abyss:3)
  2 molten gargoyles (Volcano)
  5 torpor snails
  8 merfolk sirens
  A torpor snail (shapeshifter) (Depths:3)
  4 smoke demons
  A naga zombie (Crypt:3)
  2 unseen horrors
  A stone giant skeleton (Crypt:3)
  16 large abominations
  2 orange demons (Abyss:3)
  A human zombie (Vaults:2)
  10 komodo dragons
  Maggie (Lair:2)
  9 cane toads
  A dire elephant skeleton (Abyss:3)
  Psyche (D:10)
  A tormentor (Depths:4)
  8 rime drakes
  An efreet (Abyss:4)
  A rime drake (shapeshifter) (D:13)
  9 freezing wraiths
  34 yaktaurs
  3 anaconda simulacra (IceCv)
  4 ancient zymes
  A black draconian skeleton (Crypt:1)
  A tengu conjurer (Depths:4)
  2 guardian mummies
  A silent spectre (Abyss:3)
  36 merfolk
  A harpy zombie (Crypt:3)
  2 trolls
  5 polar bears
  11 wind drakes
  14 hornets
  2 spectral guardian serpents (Crypt:2)
  A hornet (shapeshifter) (Elf:2)
  16 raiju
  12 snapping turtles
  A fire dragon zombie (Crypt:3)
  29 tarantellas
  A polar bear (shapeshifter) (Elf:2)
  A raiju (shapeshifter) (Abyss:3)
  An ettin zombie (Crypt:2)
  2 harpy skeletons (Crypt:3)
  21 dream sheep
  22 culicivoras
  20 blink frogs
  27 jumping spiders
  A frost giant simulacrum (Vaults:3)
  A satyr zombie (Crypt:1)
  2 glass eyes
  2 dire elephant simulacra
  14 wraiths
  113 slime creatures
  5 ynoxinuls
  3 vampires
  23 spriggans
  A spriggan (shapeshifter) (Elf:2)
  16 water elementals
  8 air elementals
  2 shadows
  A satyr skeleton (Crypt:2)
  An ettin skeleton (Crypt:2)
  Sigmund (D:2)
  7 wyverns
  4 fire bats (Volcano)
  44 yaks
  3 yaks (shapeshifter)
  19 golden eyes
  7 basilisks
  5 fire elementals
  3 neqoxecs
  8 vampire mosquitoes
  7 steam dragons
  3 wargs
  5 hogs (D:12)
  18 humans (D:13)
  4 harpy simulacra
  48 redbacks
  2 death yak simulacra (IceCv)
  2 chaos spawn (Abyss:4)
  Edmund (D:5)
  17 small abominations
  2 acid dragons
  17 water moccasins
  3 naga skeletons
  2 sky beasts
  6 black bears
  40 laughing skulls
  21 ogres
  19 orc warriors
  An ice beast (D:5)
  3 boggarts (Lair:5)
  26 wolves
  8 centaurs
  2 phantoms
  6 weeping skulls (Abyss:3)
  A fire crab zombie (Crypt:1)
  2 gnoll sergeants
  14 bullfrogs
  2 cane toad simulacra (IceCv)
  6 scorpions
  3 human skeletons
  5 earth elementals
  10 necrophages
  A wyvern zombie (Crypt:2)
  8 two-headed ogre simulacra (IceCv)
  13 wights
  10 killer bees
  2 elephant simulacra (IceCv)
  6 howler monkeys
  A vampire bat (D:3)
  5 lava snakes (Volcano)
  A bombardier beetle (D:6)
  2 quasits (Abyss:3)
  A jelly (Lair:4)
  3 hounds
  A black bear skeleton (Crypt:2)
  30 orc priests
  A gnoll bouda (D:5)
  7 iguanas
  2 sleepcaps (D:6)
  6 hell rats (Lair:2)
  26 orc wizards
  A polar bear simulacrum (IceCv)
  2 spriggan simulacra (IceCv)
  9 troll simulacra (IceCv)
  A wolf simulacrum (IceCv)
  A boggart skeleton (Crypt:1)
  A hound skeleton (Crypt:2)
  9 gnolls
  3 river rats (Sewer)
  10 adders
  3 naga simulacra (IceCv)
  A steam dragon zombie (Crypt:1)
  7 white imps
  6 ufetubi
  The ghost of RancidPinata the Sneak, a weakling OpDe (D:7)
  3 dart slugs
  5 ribbon worms
  43 orcs
  4 bat skeletons (D:3)
  A bat zombie (D:3)
  6 endoplasms
  A giant cockroach (D:1)
  9 goblins
  7 hobgoblins
  9 jackals
  10 kobolds
  A quokka (D:1)
  A river rat zombie (Crypt:1)
  19 ball pythons
  7 bats
  4 frilled lizards
  A kobold skeleton (Crypt:2)
  An orc skeleton (Crypt:1)
  19 rats
  5 starspawn tentacles (Abyss:3)
  5 tentacles (Shoals:4)
2860 creatures vanquished.

Vanquished Creatures (collateral kills)
  An Orb Guardian (Zot:5)
  An azure jelly (Slime:5)
  2 rockslimes (Slime:5)
  A deep elf sorcerer (Abyss:4)
  A jumping spider (Spider:1)
6 creatures vanquished.

Vanquished Creatures (others)
  Frederick (Crypt:3)
  A golden dragon (Zot:2)
  A tengu reaver (Crypt:2)
  A protean progenitor (Zot:3)
  2 draconian knights
  A draconian shifter (Zot:4)
  An iron dragon (Zot:2)
  A white draconian (Zot:4)
  A merfolk impaler (Shoals:4)
  A two-headed ogre (D:15)
  A torpor snail (Spider:4)
  A hornet (Depths:4)
  A water moccasin (Zot:3)
  A laughing skull (Abyss:3)
  An ogre (D:15)
  An orc (Orc:2)
  A lurking horror (Abyss:4)
  4 starspawn tentacles
  3 tentacles (Shoals:4)
25 creatures vanquished.

Grand Total: 2891 creatures vanquished

Notes
Turn   | Place    | Note
-------+----------+-------------------------------------------
     0 | D:1      | LustLizard the Minotaur Berserker began the quest for the
                  | Orb.
     0 | D:1      | Reached XP level 1. HP: 19/19 MP: 0/0
   120 | D:1      | Reached XP level 2. HP: 27/27 MP: 1/1
   198 | D:1      | Reached skill level 4 in Fighting
   533 | D:1      | Reached XP level 3. HP: 33/33 MP: 2/2
   542 | D:1      | Reached ** piety under Trog
   631 | D:1      | Found a faded altar of an unknown god.
  1015 | D:2      | Noticed Sigmund
  1031 | D:2      | Killed Sigmund
  1032 | D:2      | Reached skill level 5 in Axes
  1032 | D:2      | Reached XP level 4. HP: 35/41 MP: 3/3
  1032 | D:2      | Reached XP level 5. HP: 40/47 MP: 4/4
  1305 | D:2      | Noticed an ogre
  1334 | D:2      | Killed an ogre
  1335 | D:2      | Reached skill level 5 in Fighting
  1335 | D:2      | Reached XP level 6. HP: 56/56 MP: 5/5
  1374 | D:2      | Found Ymu Raun's Book Shoppe.
  1589 | D:3      | Identified the ring "Gofoh" {rF+ Will+ rCorr Dex+2 Stlth+}
  1765 | D:3      | Reached *** piety under Trog
  1852 | D:3      | Found an ancient bone altar of Kikubaaqudgha.
  2067 | D:3      | Found a hazy altar of Hepliaklqana.
  2467 | D:4      | Found a glowing drain.
  2516 | Sewer    | Entered a sewer
  2542 | Sewer    | Reached XP level 7. HP: 52/62 MP: 6/6
  2591 | Sewer    | Reached **** piety under Trog
  2712 | Sewer    | Reached skill level 6 in Fighting
  3244 | D:5      | Entered Level 5 of the Dungeon
  3245 | D:5      | Noticed Edmund
  3245 | D:5      | Found a sparkling altar of Nemelex Xobeh.
  3245 | D:5      | Found a broken altar of Ashenzari.
  3261 | D:5      | Killed Edmund
  3332 | D:5      | Found a staircase to the Ecumenical Temple.
  3363 | D:5      | Reached XP level 8. HP: 71/71 MP: 7/7
  3446 | D:5      | Found an iron altar of Okawaru.
  3491 | D:5      | Found an ornate altar of the Wu Jian Council.
  3755 | D:5      | Reached skill level 7 in Fighting
  3926 | D:5      | Found a shimmering blue altar of Sif Muna.
  3948 | Temple   | Entered the Ecumenical Temple
  3986 | D:6      | Found an opulent altar of Gozag.
  4026 | D:6      | Reached skill level 5 in Throwing
  4054 | D:6      | Reached skill level 10 in Axes
  4063 | D:6      | Found Soddont's Jewellery Boutique.
  4070 | D:6      | Found Ucaumoug's Book Boutique.
  4145 | D:6      | Reached ***** piety under Trog
  4173 | D:6      | Reached skill level 8 in Fighting
  4173 | D:6      | Reached XP level 9. HP: 81/81 MP: 8/8
  4528 | D:6      | Found a stormy altar of Qazlal.
  4542 | D:6      | Found Iqas's Distillery.
  4767 | D:7      | Found a one-way gate to the infinite horrors of the Abyss.
  4767 | D:7      | Noticed RancidPinata's ghost (weakling OpDe)
  4863 | D:7      | Found a transporter.
  4880 | D:7      | Noticed a toenail golem
  4890 | D:7      | Found a transporter.
  5525 | D:8      | Noticed a two-headed ogre
  5534 | D:8      | Killed a two-headed ogre
  5535 | D:8      | Reached skill level 9 in Fighting
  5612 | D:8      | Noticed a deep elf pyromancer
  5622 | D:8      | Killed a deep elf pyromancer
  5649 | D:8      | Reached XP level 10. HP: 48/91 MP: 9/9
  5707 | D:8      | Noticed a gargoyle
  5714 | D:8      | Killed a gargoyle
  5873 | D:8      | Found a snail-covered altar of Cheibriados.
  5968 | D:8      | Found a sacrificial altar of Ru.
  6009 | D:8      | Found a glowing golden altar of the Shining One.
  6074 | D:8      | Found a staircase to the Lair.
  6261 | D:9      | Found a hide-covered altar of Uskayaw.
  6299 | D:9      | Found Naonagut's Distillery.
  6307 | D:9      | Found a shimmering altar of Xom.
  6307 | D:9      | Noticed a manticore
  6310 | D:9      | Reached skill level 10 in Fighting
  6336 | D:9      | Killed a manticore
  6408 | D:9      | Found Tinibred's Distillery.
  6432 | D:9      | Found Yfroheac's Assorted Antiques.
  6453 | D:9      | Bought a scroll labelled VOWKYO ZARCHUTO for 31 gold pieces
  6453 | D:9      | Bought a scroll labelled JEHUTZ FUHU for 31 gold pieces
  6630 | D:9      | Found Teim's Armour Shoppe.
  6727 | D:9      | Received a gift from Trog
  6913 | D:10     | Entered Level 10 of the Dungeon
  7005 | D:10     | Found a runed translucent gate.
  7006 | D:10     | Noticed a boulder beetle
  7007 | D:10     | Found a runed translucent gate.
  7007 | D:10     | Found a runed translucent gate.
  7007 | D:10     | Noticed a deep elf zephyrmancer
  7008 | D:10     | Noticed snydleywhiplash's ghost (journeyman MiFi)
  7009 | D:10     | Noticed a tengu warrior
  7127 | D:10     | Noticed a two-headed ogre
  7144 | D:10     | Killed a two-headed ogre
  7145 | D:10     | Reached XP level 11. HP: 101/101 MP: 10/10
  7254 | D:10     | Found a portal to a secret trove of treasure.
  7359 | D:10     | Found a blossoming altar of Fedhas.
  7449 | D:10     | Noticed Psyche
  7458 | D:10     | Killed Psyche
  7801 | D:11     | Noticed a white ugly thing
  7813 | D:11     | Killed a white ugly thing
  8098 | D:11     | Reached skill level 5 in Armour
  8150 | D:11     | Identified the +5 flail of Wisdom {freeze, ^Fragile rPois
                  | rF+ SInv}
  8302 | D:11     | Reached skill level 11 in Fighting
  8554 | D:11     | Found a bloodstained altar of Trog.
  8630 | D:11     | Noticed a two-headed ogre
  8639 | D:11     | Killed a two-headed ogre
  8640 | D:11     | Reached skill level 15 in Axes
  8640 | D:11     | Reached skill level 5 in Dodging
  8807 | Lair:1   | Entered Level 1 of the Lair of Beasts
  8810 | Lair:1   | Found a frozen archway.
  8918 | Lair:1   | Identified a scroll of acquirement
  8919 | Lair:1   | Acquired the +0 hat "Ided" {Will+ Regen+ Slay+4}
  8958 | IceCv    | Entered an ice cave
  9474 | IceCv    | Received a gift from Trog
  9550 | IceCv    | Noticed a bog body
  9550 | IceCv    | Noticed a bog body
  9560 | IceCv    | Killed a bog body
  9561 | IceCv    | Reached skill level 1 in Shields
  9563 | IceCv    | Killed a bog body
  9564 | IceCv    | Reached XP level 12. HP: 57/110 MP: 11/11
  9926 | Lair:1   | Found a transporter.
  9927 | Lair:1   | Found a transporter.
  9927 | Lair:1   | Noticed a boulder beetle
 10459 | Lair:2   | Found a hole to the Spider Nest.
 10460 | Lair:2   | Noticed a four-headed hydra
 10471 | Lair:2   | Killed a five-headed hydra
 10486 | Lair:2   | Reached skill level 12 in Fighting
 10501 | Lair:2   | Noticed Maggie
 10546 | Lair:2   | Killed Maggie
 10547 | Lair:2   | Reached skill level 5 in Shields
 10642 | Lair:2   | Received a gift from Trog
 10956 | Lair:2   | Noticed a five-headed hydra
 10963 | Lair:2   | Killed a five-headed hydra
 11117 | Lair:3   | Identified the +6 rapier of Vodifor {heavy, rC+ Will+}
 11153 | Lair:3   | Reached XP level 13. HP: 101/119 MP: 12/12
 11286 | Lair:3   | Reached skill level 10 in Throwing
 11371 | Lair:3   | Found a gate leading to a gauntlet.
 11383 | Gauntlet | Entered a Gauntlet
 11383 | Gauntlet | Found a transporter.
 11383 | Gauntlet | Found a transporter.
 11388 | Gauntlet | Found a transporter.
 11403 | Gauntlet | Found a transporter.
 11405 | Gauntlet | Found a large runed translucent door.
 11405 | Gauntlet | Found a large runed translucent door.
 11406 | Gauntlet | Found a large runed translucent door.
 11406 | Gauntlet | Found a large runed translucent door.
 11407 | Gauntlet | Found a runed translucent door.
 11407 | Gauntlet | Found a large runed translucent door.
 11407 | Gauntlet | Found a large runed translucent door.
 11407 | Gauntlet | Found a runed translucent door.
 11407 | Gauntlet | Found a large runed translucent door.
 11407 | Gauntlet | Found a large runed translucent door.
 11408 | Gauntlet | Found a large runed translucent door.
 11408 | Gauntlet | Found a large runed translucent door.
 11411 | Gauntlet | Found a large runed translucent door.
 11411 | Gauntlet | Found a large runed translucent door.
 11413 | Gauntlet | Found a large runed translucent door.
 11413 | Gauntlet | Found a large runed translucent door.
 11413 | Gauntlet | Found a large runed translucent door.
 11415 | Gauntlet | Found a runed translucent gate.
 11415 | Gauntlet | Found a runed translucent gate.
 11415 | Gauntlet | Found a runed translucent gate.
 11417 | Gauntlet | Found a transporter.
 11428 | Gauntlet | Found a large runed translucent door.
 11430 | Gauntlet | Found a transporter.
 11449 | Gauntlet | Found a transporter.
 11521 | Gauntlet | Found a transporter.
 11532 | Gauntlet | Found a transporter.
 11553 | Gauntlet | Found a transporter.
 11562 | Gauntlet | Found a transporter.
 11580 | Gauntlet | Found a transporter.
 11649 | Gauntlet | Found a transporter.
 11659 | Gauntlet | Found a transporter.
 11669 | Gauntlet | Found a transporter.
 11736 | Gauntlet | Found a transporter.
 12041 | Gauntlet | Noticed a minotaur
 12052 | Gauntlet | Killed a minotaur
 12056 | Gauntlet | Identified the +5 plate armour "Xobromm" {Will++ Regen+}
 12056 | Gauntlet | Identified the +1 war axe of Mubonor {antimagic, *Noise rF+
                  | Dex+5}
 12339 | Lair:3   | Found a staircase to the Shoals.
 12795 | Lair:4   | Found a staircase to the Slime Pits.
 12795 | Lair:4   | Found a viscous altar of Jiyva.
 12802 | Lair:4   | Reached ****** piety under Trog
 12925 | Lair:4   | Found a dark tunnel.
 12932 | Volcano  | Entered a volcano
 13033 | Volcano  | Reached skill level 13 in Fighting
 13038 | Volcano  | Found a bloodstained altar of Trog.
 13101 | Volcano  | Noticed a red draconian
 13119 | Volcano  | Killed a red draconian
 13568 | Lair:5   | Entered Level 5 of the Lair of Beasts
 13582 | Lair:5   | Reached XP level 14. HP: 122/129 MP: 13/13
 13637 | Lair:5   | Reached skill level 10 in Shields
 13637 | Lair:5   | Reached XP level 15. HP: 136/136 MP: 14/14
 13751 | Lair:5   | Received a gift from Trog
 13805 | Lair:5   | Reached skill level 10 in Armour
 13980 | Lair:5   | Reached skill level 1 in Evocations
 14051 | Lair:5   | Got an earthy gem with 600 turns to spare
 14102 | Lair:5   | Paralysed by a hornet for 3 turns
 14113 | Lair:5   | Reached skill level 14 in Fighting
 14127 | Lair:5   | Received a gift from Trog
 14945 | D:12     | Found a staircase to the Orcish Mines.
 14992 | D:12     | Noticed Kirke
 15006 | D:12     | Killed Kirke
 15318 | Orc:1    | Entered Level 1 of the Orcish Mines
 15525 | Orc:2    | Entered Level 2 of the Orcish Mines
 15525 | Orc:2    | Noticed Snorg
 15527 | Orc:2    | Noticed Jorgrun
 15536 | Orc:2    | Killed Snorg
 15545 | Orc:2    | Killed Jorgrun
 15545 | Orc:2    | Received a gift from Trog
 15598 | Orc:2    | Found a staircase to the Elven Halls.
 15635 | Orc:2    | Found Xerph's Assorted Antiques.
 15648 | Orc:2    | Reached skill level 10 in Dodging
 15668 | Orc:2    | Reached XP level 16. HP: 88/147 MP: 15/15
 15749 | Orc:2    | Found Eson's Magic Scroll Boutique.
 15749 | Orc:2    | Found Cuasucas's Jewellery Boutique.
 15757 | Orc:2    | Found Uneacylo's Assorted Antiques.
 15760 | Orc:2    | Found Naghuozy's Antique Weapon Shop.
 15781 | Orc:2    | Bought a scroll of teleportation for 36 gold pieces
 15781 | Orc:2    | Bought a scroll of teleportation for 36 gold pieces
 15781 | Orc:2    | Bought a scroll of enchant armour for 90 gold pieces
 15783 | Orc:2    | Bought a coiled bronze amulet for 130 gold pieces
 15783 | Orc:2    | Identified the amulet of Pikkiex {Spirit rElec rCorr Dex+6}
                  | (You bought it in a shop on level 2 of the Orcish Mines)
 15783 | Orc:2    | Bought 2 lumpy pink potions for 46 gold pieces
 16414 | D:13     | Received a gift from Trog
 16682 | D:13     | Found a runed translucent door.
 16685 | D:13     | Found the +1 cloak of Starlight {*Dazzle EV+4 Stlth--}
 16685 | D:13     | Noticed ggggg's ghost (journeyman MiFi)
 16686 | D:13     | Identified the +7 spear of Aladwe {flame, Str+7}
 16702 | D:13     | Killed ggggg's ghost
 17013 | D:13     | Found a gate to the Vaults.
 17529 | D:9      | Bought a potion of cancellation for 128 gold pieces
 17711 | D:2      | Bought a manual of Throwing for 960 gold pieces
 18061 | D:14     | Noticed Josephine
 18074 | D:14     | Killed Josephine
 18103 | D:14     | Reached skill level 15 in Fighting
 18207 | D:14     | Received a gift from Trog
 18277 | D:14     | Noticed Nessos
 18284 | D:14     | Killed Nessos
 18932 | Shoals:1 | Entered Level 1 of the Shoals
 18968 | Shoals:1 | Reached skill level 5 in Evocations
 19870 | Shoals:2 | Received a gift from Trog
 19959 | Shoals:2 | Reached XP level 17. HP: 118/156 MP: 8/16
 20319 | Shoals:2 | Reached skill level 15 in Shields
 20584 | Shoals:3 | Received a gift from Trog
 20702 | Shoals:3 | Noticed Roxanne
 20721 | Shoals:3 | Noticed Mlioglotl
 20732 | Shoals:3 | Gained mutation: You are dopey. (Int -2) [a neqoxec]
 20737 | Shoals:3 | Killed Mlioglotl
 20974 | Shoals:3 | Received a gift from Trog
 21095 | Shoals:3 | Noticed Polyphemus
 21112 | Shoals:3 | Killed Polyphemus
 21113 | Shoals:3 | Reached skill level 16 in Fighting
 21609 | Shoals:3 | Killed Roxanne
 21630 | Shoals:4 | Entered Level 4 of the Shoals
 21758 | Shoals:4 | Noticed a kraken
 21768 | Shoals:4 | Killed a kraken
 21948 | Shoals:4 | Identified the ring of Departure {MP+9 Dex+3}
 22029 | Shoals:4 | Received a gift from Trog
 22354 | Shoals:4 | Got a barnacled rune of Zot
 22499 | Shoals:4 | Reached XP level 18. HP: 139/168 MP: 14/17
 22910 | Shoals:4 | Reached skill level 15 in Throwing
 22932 | Shoals:4 | Identified the staff "Qufaipao" {rElec rPois rF+ rC++ Str-4
                  | Fire}
 23161 | D:10     | You paid a toll of a +7 demon trident to enter a treasure
                  | trove
 23162 | Trove    | Entered a treasure trove
 23175 | Trove    | Identified the ring "Qiesejol" {rF+ rC++ rCorr EV+5 Int-2}
 23188 | Trove    | Identified the ring "Kydghuymu" {rElec EV+5 Int+7 Slay-3}
 23192 | Trove    | Identified the ring of Zuskus {rC- rN++ EV+5 Int+2 Dex+4}
 23201 | Trove    | Identified the ring of Ru's Hatred {Will+ MP+9 AC+4}
 23211 | Trove    | Identified the ring "Lugug" {rElec rCorr Str+3 Int+3
                  | Slay+4}
 23214 | Trove    | Identified the ring of Weotagoe {rElec Will+ EV+5}
 23219 | Trove    | Identified the ring of Xom's Regard {*Slow Fly Str+2 Dex+4
                  | Stlth+}
 23684 | D:7      | Killed RancidPinata's ghost
 23808 | D:10     | Killed snydleywhiplash's ghost
 24095 | Spider:1 | Entered Level 1 of the Spider Nest
 24124 | Spider:1 | Received a gift from Trog
 24464 | Spider:1 | Noticed Donald
 24480 | Spider:1 | Killed Donald
 24510 | Spider:1 | Noticed Nikola
 24530 | Spider:1 | Killed Nikola
 24969 | Orc:2    | Bought a scroll of enchant weapon for 225 gold pieces
 25126 | D:6      | Bought a potion of mutation for 104 gold pieces
 25126 | D:6      | Bought a potion of mutation for 104 gold pieces
 25126 | D:6      | Bought a potion of might for 52 gold pieces
 25126 | D:6      | Bought a potion of resistance for 130 gold pieces
 25220 | D:9      | Bought a potion of might for 64 gold pieces
 25220 | D:9      | Bought a potion of might for 64 gold pieces
 25741 | Spider:2 | Identified the +8 broad axe of Chance {flame, rF+} (Trog
                  | gifted it to you on level 2 of the Spider Nest)
 25741 | Spider:2 | Received a gift from Trog
 26379 | Spider:3 | Reached skill level 17 in Fighting
 27351 | Spider:4 | Entered Level 4 of the Spider Nest
 27423 | Spider:4 | Received a gift from Trog
 27534 | Spider:4 | Reached XP level 19. HP: 73/158 MP: 7/18
 27715 | Spider:4 | Received a gift from Trog
 28282 | Spider:4 | Got a gossamer rune of Zot
 28777 | D:15     | Entered Level 15 of the Dungeon
 28954 | D:15     | Received a gift from Trog
 29192 | D:15     | Found a staircase to the Depths.
 29203 | D:15     | Reached skill level 15 in Armour
 29544 | Vaults:1 | Entered Level 1 of the Vaults
 29560 | Vaults:1 | You fall into a shaft and drop 1 floor!
 29934 | Vaults:2 | Received a gift from Trog
 29956 | Vaults:2 | Reached skill level 18 in Fighting
 30119 | Vaults:2 | Reached XP level 20. HP: 171/188 MP: 15/19
 30154 | Vaults:2 | Found Qyineys's Jewellery Emporium.
 30275 | Vaults:2 | Found a large runed translucent door.
 30275 | Vaults:2 | Found a large runed translucent door.
 30275 | Vaults:2 | Found a large runed translucent door.
 30275 | Vaults:2 | Found a large runed translucent door.
 30275 | Vaults:2 | Noticed casual's ghost (veteran MiMo)
 30275 | Vaults:2 | Identified the ring "Zosif Ciu" {rC+ Will+}
 30276 | Vaults:2 | Found a large runed translucent door.
 30276 | Vaults:2 | Found a large runed translucent door.
 30276 | Vaults:2 | Found a large runed translucent door.
 30276 | Vaults:2 | Found a large runed translucent door.
 30351 | Vaults:2 | Received a gift from Trog
 30398 | Vaults:2 | Identified the +0 leather armour "Risaont" {Fly}
 31335 | Vaults:1 | Found Vidys's Magic Scroll Shop.
 31338 | Vaults:1 | Bought a scroll of enchant armour for 142 gold pieces
 31338 | Vaults:1 | Bought a scroll of teleportation for 57 gold pieces
 31403 | Vaults:1 | Received a gift from Trog
 31427 | Vaults:1 | Reached skill level 10 in Evocations
 31543 | Vaults:1 | Identified the scarf "Fokk" {+Inv, rC+}
 31787 | Vaults:1 | Paralysed by a formless jellyfish for 1 turns
 32050 | Vaults:1 | Identified the maw talisman of the Wasteland {rF+ Stlth+}
 32562 | Vaults:3 | Received a gift from Trog
 32835 | Vaults:3 | Reached skill level 15 in Dodging
 32839 | Vaults:3 | Reached skill level 19 in Fighting
 32924 | Vaults:3 | Reached XP level 21. HP: 198/198 MP: 20/20
 33059 | Vaults:3 | Paralysed by a formless jellyfish for 1 turns
 33091 | Vaults:3 | Received a gift from Trog
 33134 | Vaults:3 | Found a staircase to the Crypt.
 33150 | Vaults:3 | Noticed Mara
 33152 | Vaults:3 | Noticed LustLizard's illusion
 33163 | Vaults:3 | Killed Mara
 34495 | Vaults:4 | Identified the +6 broad axe of the Old World {flame, rElec
                  | Str+2} (Trog gifted it to you on level 4 of the Vaults)
 34495 | Vaults:4 | Received a gift from Trog
 34839 | Elf:1    | Entered Level 1 of the Elven Halls
 34840 | Elf:1    | Paralysed by an air elemental for 1 turns
 34852 | Elf:1    | Noticed Agnes
 34865 | Elf:1    | Killed Agnes
 35431 | Elf:1    | Paralysed by an air elemental for 1 turns
 35488 | Elf:1    | Found Goasecs's Jewellery Shoppe.
 35627 | Elf:1    | Noticed Zenata
 35642 | Elf:1    | Killed Zenata
 35758 | Elf:2    | Received a gift from Trog
 35791 | Elf:2    | Paralysed by an air elemental for 1 turns
 36282 | Elf:2    | Found a runed translucent door.
 36310 | Elf:2    | Found a runed translucent door.
 36455 | Elf:2    | Reached XP level 22. HP: 207/207 MP: 21/21
 36473 | Elf:2    | Received a gift from Trog
 37040 | Elf:3    | Entered Level 3 of the Elven Halls
 37399 | Elf:3    | Received a gift from Trog
 37565 | Elf:3    | Reached skill level 20 in Fighting
 37878 | Elf:3    | Identified the ring of Wiuluhyd {rC+ MP+9 Int-2 Dex+2 SInv}
 37908 | Elf:3    | Identified the ring "Ukhyerugaz" {rElec Str-2 Dex+3 Slay+4
                  | SInv}
 37911 | Elf:3    | Found the +3 Elemental Staff {ele, rElec rF+ rC+ AC+3}
 37922 | Elf:3    | Identified the +0 plate armour "Citusi" {rF+ Str+3}
 37955 | Elf:3    | Identified the ring "Kuheca" {rPois rF- rN+ Will- Dex+8}
 37997 | Elf:3    | Identified the ring of Attitude {Wiz Str+3}
 37998 | Elf:3    | Identified the amulet of Jaut {Faith rPois}
 38009 | Elf:3    | Identified the amulet of Gewuymed {Faith rPois}
 38010 | Elf:3    | Identified the staff of Ambiguity {rN+ Int+3 Summ Earth}
 38389 | Depths:1 | Entered Level 1 of the Depths
 38496 | Depths:1 | Noticed Saint Roka
 38507 | Depths:1 | Received a gift from Trog
 38513 | Depths:1 | Killed Saint Roka
 39047 | Depths:1 | Found a gateway to Hell.
 39064 | Depths:1 | Found a one-way gateway to a ziggurat.
 39259 | Depths:1 | Found a basalt altar of Yredelemnul.
 39452 | Depths:2 | Received a gift from Trog
 39571 | Depths:2 | Reached XP level 23. HP: 217/217 MP: 22/22
 39876 | Depths:2 | Found a burning altar of Makhleb.
 39889 | Depths:2 | Identified the +4 spear of Huxogg {speed, rElec Dex+3}
 40108 | Depths:2 | Noticed Vv
 40132 | Depths:2 | Killed Vv
 40528 | Depths:2 | Found a one-way gate leading to the halls of Pandemonium.
 40940 | Depths:3 | Received a gift from Trog
 40941 | Depths:3 | Reached skill level 21 in Fighting
 40977 | Depths:3 | Noticed a caustic shrike
 40985 | Depths:3 | Noticed a caustic shrike
 40992 | Depths:3 | Killed a caustic shrike
 40996 | Depths:3 | Killed a caustic shrike
 41150 | Depths:3 | Identified the +1 ring mail "Farif" {Str+2 Int+2}
 41233 | Depths:3 | Noticed a juggernaut
 41242 | Depths:3 | Killed a juggernaut
 41346 | Depths:3 | Received a gift from Trog
 41391 | Depths:3 | Acquired a manual of Armour
 41501 | Depths:3 | Found a corrupted altar of Lugonu.
 41596 | Depths:3 | Reached skill level 15 in Evocations
 41919 | Depths:4 | Entered Level 4 of the Depths
 41943 | Depths:4 | Reached XP level 24. HP: 198/231 MP: 19/22
 42020 | Depths:4 | Found a broken altar of Ashenzari.
 42039 | Depths:4 | Received a gift from Trog
 42080 | Depths:4 | Identified the death talisman of Efeluwah {Int+3}
 42196 | Depths:4 | Reached skill level 22 in Fighting
 43044 | Depths:4 | Found a gate to the Realm of Zot.
 43442 | Vaults:5 | Entered Level 5 of the Vaults
 43447 | Vaults:5 | Received a gift from Trog
 43595 | Vaults:5 | Noticed a dread lich
 43619 | Vaults:5 | Killed a dread lich
 43636 | Vaults:5 | Identified the +9 quarterstaff of the Desolation of Salt
                  | {pain, rC+}
 43636 | Vaults:5 | Noticed an ancient lich
 43650 | Vaults:5 | Received a gift from Trog
 43659 | Vaults:4 | Killed an ancient lich
 44033 | Vaults:5 | Received a gift from Trog
 44064 | Vaults:5 | Reached skill level 23 in Fighting
 44066 | Vaults:5 | Noticed an ancient lich
 44086 | Vaults:4 | Killed an ancient lich
 44877 | Vaults:5 | Identified the +1 mace of the Ass {flame, Fly Int-2 Dex+3}
 44886 | Vaults:5 | Got a silver rune of Zot
 44897 | Vaults:5 | Identified the staff of the Nexus {rElec rN+++ Dex-5 Summ
                  | Necro Air}
 44898 | Vaults:5 | Identified the +5 scale mail "Alyhup" {Str+3}
 44915 | Vaults:5 | Found the -2 hat of the Alchemist {rElec rPois rF+ rC+ rN+
                  | Will+ rMut rCorr}
 44924 | Vaults:5 | Identified the +7 quarterstaff of Benevolence {freeze, rC+
                  | rCorr}
 45137 | Vaults:5 | Reached XP level 25. HP: 225/226 MP: 22/22
 45150 | Vaults:5 | Noticed a dread lich
 45162 | Vaults:5 | Killed a dread lich
 45402 | Crypt:1  | Entered Level 1 of the Crypt
 45724 | Crypt:1  | Received a gift from Trog
 46471 | Crypt:2  | Noticed Sojobo
 46493 | Crypt:2  | Paralysed by an air elemental for 1 turns
 46495 | Crypt:2  | Killed Sojobo
 46911 | Crypt:3  | Entered Level 3 of the Crypt
 47008 | Crypt:3  | Identified the +4 broad axe of Reinforcement {heavy, ^Drain
                  | rF+++ rN+ Dex+3} (Trog gifted it to you on level 3 of the
                  | Crypt)
 47008 | Crypt:3  | Received a gift from Trog
 47084 | Crypt:3  | Paralysed by a vampire knight for 3 turns
 47298 | Crypt:3  | Noticed an ancient lich
 47299 | Crypt:3  | Found an ancient bone altar of Kikubaaqudgha.
 47308 | Crypt:3  | Killed an ancient lich
 47340 | Crypt:3  | Found a staircase to the Tomb.
 47356 | Crypt:3  | Identified the +10 chain mail of the Pleiades {rF- rN+
                  | Regen+}
 47538 | Crypt:3  | Identified the orb of the Mind {light, Str+2}
 47538 | Crypt:3  | Noticed Frederick
 47554 | Crypt:3  | Killed Frederick
 47555 | Crypt:3  | Reached skill level 24 in Fighting
 47840 | Crypt:3  | Noticed Grunn
 47847 | Crypt:3  | Killed Grunn
 48605 | Slime:1  | Entered Level 1 of the Pits of Slime
 48611 | Slime:1  | Received a gift from Trog
 49127 | Slime:4  | Received a gift from Trog
 49142 | Slime:4  | Gained mutation: [Your body sometimes deteriorates upon
                  | taking damage.] [a shining eye]
 49423 | Slime:5  | Entered Level 5 of the Pits of Slime
 49585 | Slime:5  | Reached XP level 26. HP: 227/256 MP: 18/22
 49873 | Slime:5  | Found a viscous altar of Jiyva.
 49883 | Slime:5  | Found the +0 mask of the Dragon {Will+ Slay+3 SInv}
 49961 | Slime:5  | Found the +5 Lochaber axe {reach-cleave, Poleaxe ^Drain}
 50102 | Slime:5  | Noticed the Royal Jelly
 50120 | Slime:5  | Killed the Royal Jelly
 50276 | Slime:5  | Identified the +7 quarterstaff "Toteufy" {antimagic, rPois
                  | rF+ Dex+3}
 50312 | Slime:5  | Identified the +0 hand axe of Qahofey {drain, rPois rN+}
 50328 | Slime:5  | Identified the +10 battleaxe of Varphuk {drain, rElec rPois
                  | rF- Str+4}
 50352 | Slime:5  | Got a slimy rune of Zot
 50820 | Zot:1    | Entered Level 1 of the Realm of Zot
 51157 | Zot:1    | Received a gift from Trog
 52047 | Zot:1    | Reached skill level 25 in Fighting
 52151 | Zot:2    | Noticed an orb of fire
 52170 | Zot:2    | Killed an orb of fire
 52421 | Zot:2    | Received a gift from Trog
 53096 | Zot:2    | Noticed a dread lich
 53118 | Zot:2    | Killed a dread lich
 54257 | Zot:3    | Reached XP level 27. HP: 253/267 MP: 22/22
 54687 | Zot:3    | Received a gift from Trog
 54694 | Zot:3    | Gained mutation: Your spells are a little easier to cast,
                  | but a little less powerful. [a shining eye]
 54696 | Zot:3    | Gained mutation: [Your body often deteriorates upon taking
                  | damage.] [a shining eye]
 55675 | Zot:3    | Reached skill level 26 in Fighting
 55977 | Zot:4    | Noticed an ancient lich
 56315 | Zot:4    | Killed an ancient lich
 57329 | Zot:5    | Entered Level 5 of the Realm of Zot
 57739 | Zot:5    | Received a gift from Trog
 57806 | Zot:5    | Noticed an ancient lich
 57844 | Zot:5    | Noticed an orb of fire
 57849 | Zot:5    | Noticed an ancient lich
 57881 | Zot:5    | Killed an orb of fire
 57881 | Zot:5    | Noticed an orb of fire
 57893 | Zot:5    | Killed an ancient lich
 57905 | Zot:5    | Noticed a dread lich
 57913 | Zot:5    | Noticed an ancient lich
 57925 | Zot:5    | Noticed an orb of fire
 58310 | Zot:5    | Noticed an ancient lich
 58316 | Zot:5    | Lost mutation: [Your body often deteriorates upon taking
                  | damage.] [an orb of fire]
 58318 | Zot:5    | Killed an orb of fire
 58326 | Zot:5    | Killed an ancient lich
 58334 | Zot:5    | Killed an ancient lich
 58342 | Zot:5    | Killed an ancient lich
 58353 | Zot:5    | Killed a dread lich
 58390 | Zot:5    | Gained mutation: You passively map a small area around you.
                  | [an orb of fire]
 58392 | Zot:5    | Killed an orb of fire
 58686 | Zot:5    | Noticed an ancient lich
 58686 | Zot:5    | Noticed an ancient lich
 59133 | Zot:5    | Killed an ancient lich
 59141 | Zot:5    | Killed an ancient lich
 59161 | Zot:5    | Received a gift from Trog
 59162 | Zot:5    | Reached skill level 27 in Fighting
 59210 | Zot:5    | Identified the staff "Omytyc" {+Blink rPois rF+ Int+3 Air
                  | Alchemy}
 59594 | Depths:3 | Voluntarily entered the Abyss.
 59859 | Abyss:3  | Found a corrupted altar of Lugonu.
 60303 | Abyss:3  | Received a gift from Trog
 60347 | Abyss:3  | Found a corrupted altar of Lugonu.
 60406 | Abyss:3  | Found a corrupted altar of Lugonu.
 60667 | Abyss:3  | Noticed a dread lich
 60684 | Abyss:3  | Killed a dread lich
 60745 | Abyss:4  | Found a corrupted altar of Lugonu.
 60817 | Abyss:4  | Received a gift from Trog
 60854 | Abyss:4  | Got an abyssal rune of Zot
 61169 | Depths:3 | Escaped the Abyss
 61704 | Zot:5    | Got the Orb of Zot
 61728 | Zot:5    | Noticed Geroryp the pandemonium lord
 61763 | Zot:5    | Noticed Weblawo the pandemonium lord
 61772 | Zot:5    | HP: 6/273 [Geroryp the pandemonium lord (26)]
 61772 | Zot:5    | HP: 2/273 [Geroryp the pandemonium lord (4)]
 61774 | Zot:5    | Annihilated by Geroryp the pandemonium lord

Illustrated notes

Levels and vault maps discovered:
D:1:      psy_arrival_statuary, layout_basic,
          ebering_ecumenical_altar_sacrificial, serial_park_tiny_1,
          kennysheep_doodads, minmay_hexomino_p4
D:2:      layout_basic, serial_shops, nicolae_shop_pleasant_corner_grove,
          uniq_sigmund
D:3:      layout_loops_ring, lemuel_doored_altar, kennysheep_vampire_church,
          chequers_serial_rivers_micro_a, grunt_ministairs_8
D:4:      layout_basic, portal_sewer_entry_d
D:5:      layout_loops_cross, lemuel_round_altar, lemuel_blue_sif_altar,
          mainiacjoe_overflow_divided_tiny, nicolae_wu_jian_wuxing_cycle,
          minmay_temple_entry_large_hall, uniq_edmund
D:6:      layout_rooms, mainiacjoe_overflow_alcove_4,
          mainiacjoe_overflow_alcove_1, serial_shops,
          nicolae_inconvenience_store, shop, nicolae_shop_window_shopping,
          moated_statue
D:7:      layout_layer_cave, gammafunk_ghost_abyssal_escape,
          kennysheep_another_room
D:8:      minmay_diamond_stairs, layout_rooms, nicolae_tso_carved_into_rock,
          cheibrodos_worm_habitat, mainiacjoe_overflow_surrounded_room,
          lair_entry_dummy
D:9:      layout_basic, mainiacjoe_overflow_24_doors, xom_confusion_cloud,
          serial_shops, shop, nicolae_shop_peninsula,
          nicolae_shop_back_alley_shop, shop
D:10:     layout_gridville, fedhas_altar_4, nicolae_trove_entry_path_of_doom,
          gammafunk_ghost_split, hangedman_abyss_or_decor_slice, uniq_psyche
D:11:     layout_stronghold, trog_butcher_becter
D:12:     layout_rooms, david_orc_3, uniq_kirke
D:13:     layout_stronghold, grunt_vaults_entry_tiered,
          ebering_ghost_funeral_grove
D:14:     layout_irregular_city, minmay_hedge_maze, uniq_nessos, uniq_josephine
D:15:     grunt_enter_depths_snipers, layout_loops_cross, serial_park_fountain,
          lemuel_nasty_fountain
Temple:   nicolae_temple_great_sept
Lair:1:   gammafunk_boulding_lane, layout_regular_city,
          portal_ice_cave_entry_pillars_1
Lair:2:   beast_lair_carwin_large_1, layout_big_grid,
          nicolae_spider_entry_lesser_pyramids, uniq_maggie
Lair:3:   layout_long_grid, shoals_dummy_entry, gauntlet_entry_generic,
          minmay_holes, beast_lair_carwin_5
Lair:4:   layout_hall_layers, minmay_slime_entry_pillars,
          nicolae_volcano_entry_hallway
Lair:5:   minmay_lair_end_enchanted_forest, layout_gridlike
Shoals:1: layout_shoals
Shoals:2: layout_shoals, nicolae_shoals_drake_roost
Shoals:3: layout_shoals, uniq_roxanne, uniq_polyphemus, uniq_mlioglotl
Shoals:4: shoals_end_grunt_ice, layout_shoals
Spider:1: layout_spider_delve, nicolae_spider_paper_wasps, uniq_nikola,
          uniq_donald
Spider:2: layout_cave_pods
Spider:3: layout_cave_pods, nicolae_spider_rock_and_or_roll
Spider:4: hellmonk_spider_rune_bug_friends, nicolae_spider_nooks_and_crannies
Slime:1:  layout_caves
Slime:2:  layout_caves
Slime:3:  layout_caves
Slime:4:  layout_caves
Slime:5:  slime_pit
Orc:1:    layout_caves, basic_altar
Orc:2:    st_orc_mages, layout_caves, serial_shops,
          nicolae_shop_overgrown_old_shop, uniq_snorg, uniq_jorgrun
Elf:1:    minmay_elf_arrival_circle, layout_onion_city, serial_shops,
          nicolae_shop_window_shopping, nicolae_elf_crossing_hall, uniq_agnes,
          uniq_zenata
Elf:2:    nicolae_elf_blades_splatter_lattice
          [nicolae_blade_entry_splitting_headache], layout_geoelf_octagon,
          onia_ninara_cookie
Elf:3:    minmay_elf_hall_circle, layout_onion_city
Vaults:1: v_alt_pattern_5, nicolae_vaults_branching_niches, vaults_dpeg_hooks,
          v_rooms_5, v_misc_27, nicolae_vaults_frosty_reception,
          vaults_room_pool, v_misc_3, nicolae_vaults_network_barrier, v_misc_24,
          v_misc_19, vaults_room_semicircle, layout_vaults_omnibox,
          serial_shops, nicolae_shop_rolled_up
Vaults:2: advil_vaults_ghost_lines, v_misc_33, v_misc_30,
          nicolae_vaults_yaktaur_gun_rack, ontoclasm_vaults_ring_square,
          ontoclasm_vaults_ring_small, v_misc_5, st_eye, v_pattern_2,
          dpeg_vaults_monster_box, vaults_dpeg_emergency_exit,
          nicolae_vaults_variable_pillar_hall, nicolae_vaults_tetromino_L_1,
          layout_vaults_chaotic_city, serial_shops, nicolae_shop_hallway_stairs
Vaults:3: hangedman_vaults_restitches, nicolae_vaults_variable_pillar_hall,
          nicolae_vaults_double_plus_2, nicolae_vaults_little_ls, v_pattern_1,
          hangedman_vaults_variations, vaults_standard_mumra_enter_the_diamond,
          ontoclasm_vaults_decontamination, nicolae_vaults_stepped_doors,
          ontoclasm_vaults_shuriken, nicolae_vaults_house_1,
          nicolae_vaults_surprise_closet, layout_vaults_quadrants,
          dummy_crypt_entry, uniq_mara
Vaults:4: nicolae_vaults_security_offices_6, nicolae_vaults_trapezoid_4,
          hangedman_vaults_hat, nicolae_vaults_tetromino_Z_2,
          nicolae_vaults_big_ls, v_misc_9, ontoclasm_vaults_chip,
          ontoclasm_vaults_hangar, nicolae_vaults_tetromino_T_1,
          layout_vaults_omnicross
Vaults:5
Crypt:1:  layout_gridlike
Crypt:2:  layout_chaotic_city, nrook_guardian_serpent_ordinary, uniq_sojobo
Crypt:3:  cryptofortress_bobbens, uniq_josephina, uniq_frederick, uniq_grunn
Depths:1: layout_gridlike, enter_ziggurat_c, amcnicky_mini_rare_corridor_liquid,
          hell_entry, minmay_misc_feat_encased, drop_trap,
          yredelemnul_altar_generic, nicolae_integral_box, uniq_saint_roka
Depths:2: evilmike_makhleb_hellhole, layout_gridlike, grunt_pan_entry_spiral,
          hell_entry, kennysheep_small_spiral, grunt_megastairs_5,
          firewood_loft, uniq_vv
Depths:3: minmay_central_circle, layout_cave_pools, small_statue_intersection,
          abyss_entry_flame_altar, hell_entry, rand_demon_pan_entry_5,
          serial_bayou_shore_b
Depths:4: evilmike_zot_entry_basic, layout_gridlike, grunt_pan_entry_sceptre,
          hell_entry, cheibrodos_ashenzari_chains, bh_walls_and_bars,
          grunt_megastairs_4
Zot:1:    layout_gridlike, regret_index_zotdec_abyssal_contain_seething_sorcery,
          grunt_megastairs_2
Zot:2:    layout_gridlike, hangedman_player_shredder
Zot:3:    layout_onion_interference, regret_index_zotdec_fiery_em,
          grunt_megastairs_3
Zot:4:    ebering_klown_carousel, layout_twisted_circle
Zot:5:    layout_misc_corridors

Skill      XL: |  1  2  3  4  5  6  7  8  9 10 11 12 13 14 15 16 17 18 19 20 21 22 23 24 25 26 27 |
---------------+----------------------------------------------------------------------------------+-----
Axes           | 4 5 6 7 8 10 12 14 15 16 17 18 19 20 21 23 | 23.3
Fighting       | 4 5 6 8 9 10 11 12 13 14 15 16 17 18 19 20 21 23 24 25 27 | 27.0
Throwing       | 2 3 4 5 7 8 9 10 11 13 14 16 17 18 19 20 21 22 | 22.1
Armour         | 4 6 7 9 11 12 13 14 15 16 17 18 20 22 23 24 | 24.8
Dodging        | 3 5 7 8 10 11 12 13 14 15 16 17 18 19 20 | 20.6
Shields        | 1 6 9 10 12 14 16 18 19 20 21 22 23 24 | 24.5
Evocations     | 3 5 7 8 9 10 12 13 15 16 17 18 20 | 20.5

Action                     |  1- 3 |  4- 6 |  7- 9 | 10-12 | 13-15 | 16-18 | 19-21 | 22-24 | 25-27 || total
---------------------------+-------+-------+-------+-------+-------+-------+-------+-------+-------++-------
  Melee: Hand axe          |    58 |   160 |   181 |       |       |       |       |       |       ||   399
         Headbutt          |     5 |    21 |    36 |   102 |   151 |   334 |   336 |   369 |   896 ||  2250
         Punch             |       |     2 |       |     6 |     3 |       |       |       |       ||    11
         War axe           |       |       |    35 |   454 |    42 |       |       |       |       ||   531
         Broad axe         |       |       |       |       |   537 |  1190 |  1092 |  1154 |  2370 ||  6343
  Throw: Stone             |       |       |    30 |    38 |       |       |       |       |       ||    68
         Dart              |       |       |     2 |     8 |     9 |       |       |       |       ||    19
         Boomerang         |       |       |       |    13 |       |    17 |    16 |    11 |   206 ||   263
         Javelin           |       |       |       |       |       |       |       |       |     4 ||     4
 Invoke: Trog's Hand       |     1 |       |       |       |       |       |       |       |       ||     1
         Berserk           |       |     1 |     2 |     2 |     2 |     3 |       |     1 |     3 ||    14
         Brothers in Arms  |       |       |       |       |       |       |       |     1 |     4 ||     5
  Evoke: Phial of floods   |       |       |       |     1 |       |     1 |       |     1 |     1 ||     4
         Wand              |       |       |       |     1 |       |       |       |     1 |       ||     2
         Lightning rod     |       |       |       |       |       |     4 |       |       |       ||     4
         Sack of spiders   |       |       |       |       |       |     2 |       |       |     1 ||     3
         Phantom mirror    |       |       |       |       |       |     1 |       |       |     3 ||     4
    Use: Scroll            |       |       |    13 |    11 |     5 |    17 |       |    14 |     8 ||    68
         Potion            |       |       |       |     2 |     2 |     1 |       |     9 |    13 ||    27
   Stab: Sleeping          |     1 |       |       |       |       |       |       |       |       ||     1
         Confused          |       |       |       |     2 |       |       |       |       |       ||     2
         Distracted        |       |       |       |     1 |       |     1 |       |     1 |     4 ||     7
         Invisible         |       |       |       |       |     1 |    39 |    18 |    22 |    31 ||   111
 Armour: Animal skin       |    16 |       |       |       |       |       |       |       |       ||    16
         Chain mail        |    19 |   122 |   179 |   116 |       |       |       |       |       ||   436
         Crystal plate arm |       |       |       |   233 |    46 |       |       |       |       ||   279
         Plate armour      |       |       |       |    60 |   369 |   616 |   353 |   251 |       ||  1649
         Gold dragon scale |       |       |       |       |       |       |       |   333 |   891 ||  1224
  Dodge: Dodged            |    37 |    88 |   102 |   139 |   196 |   632 |   545 |   665 |  1521 ||  3925
  Block: Kite shield       |       |       |       |       |   224 |  1123 |  1030 |  1101 |  2176 ||  5654
